 Dungeon Crawl Stone Soup version 0.21.1-1-g345015f (webtiles) character file.

970 Fang the Chopper (level 8, -9/75 HPs)
             Began as a Gargoyle Berserker on May 27, 2018.
             Was a Priest of Trog.
             Mangled by Edmund
             ... wielding a +0 flail of distortion
              (22 damage)
             ... on level 5 of the Dungeon.
             The game lasted 00:06:44 (5210 turns).

Fang the Chopper (Gargoyle Berserker)               Turns: 5210, Time: 00:06:44

Health: -9/75      AC: 11    Str: 27    XL:     8   Next: 16%
Magic:  8/8        EV: 13    Int:  9    God:    Trog [***...]
Gold:   336        SH:  0    Dex:  9    Spells: 7/7 levels left

rFire    . . .     SeeInvis .   j - +4 hand axe (freeze)
rCold    + . .     Gourm    .   (no shield)
rNeg     + . .     Faith    .   b - +1 animal skin
rPois    ∞         Spirit   .   (no helmet)
rElec    +         Reflect  .   e - +2 cloak
rCorr    .         Harm     .   (no gloves)
MR       .....                  (no boots)
Stlth    ..........             s - amulet of rage
HPRegen  0.22/turn              a - ring of stealth
MPRegen  0.11/turn              m - ring of protection from cold

@: berserking, very quick
A: negative energy resistance 1, electricity resistance, unbreathing,
petrification resistance, rot immunity, AC +5
a: Berserk, Trog's Hand, Burn Spellbooks, Renounce Religion, Evoke Berserk Rage


You were on level 5 of the Dungeon.
You worshipped Trog.
Trog was most pleased with you.
You were very hungry.

You visited 1 branch of the dungeon, and saw 6 of its levels.

You collected 336 gold pieces.

Inventory:

Hand Weapons
 j - a +4 hand axe of freezing (weapon)
Armour
 b - a +1 animal skin (worn)
 e - a +2 cloak (worn)
Jewellery
 a - a ring of stealth (left hand)
 m - a ring of protection from cold (right hand)
 s - an amulet of rage (around neck)
 t - an uncursed ring of resist corrosion
Scrolls
 h - 3 scrolls of fog
 k - a scroll of magic mapping
 r - 2 scrolls of remove curse
Potions
 c - a potion of flight
 d - a potion of heal wounds
 f - 2 potions of lignification {unknown}
 i - 2 potions of brilliance {unknown}
 p - a potion of resistance {unknown}
 z - a potion of curing {unknown}
 A - a potion of ambrosia {unknown}
Comestibles
 l - 11 rations


   Skills:
 + Level 5.6 Fighting
 + Level 6.2 Axes
 + Level 2.4 Armour
 + Level 3.8 Dodging
 + Level 3.1 Stealth


You had 7 spell levels left.
You didn't know any spells.

Dungeon Overview and Level Annotations

Branches:
Dungeon (6/15)             Temple (0/1) D:6

Altars:
Ashenzari
Cheibriados
Elyvilon
Fedhas
Gozag
Makhleb
Okawaru
Ru
Trog
Yredelemnul

Annotations:
D:5 Dowan, Edmund


Innate Abilities, Weirdness & Mutations

You are resistant to torment.
Your stone body is resilient. (AC +5)
You are immune to poison.
You resist negative energy. (rN+)
You are resistant to electric shocks. (rElec)
You can survive without breathing.
You are immune to petrification.
You are immune to rotting.


Message History

Edmund closely misses you.
You slash Edmund! You freeze Edmund.
Edmund is heavily wounded.
Edmund hits you with a flail of distortion.
Space bends around you.
You slash Edmund! You freeze Edmund.
Edmund is severely wounded.
A jackal comes into view.
You closely miss Edmund.
Edmund is severely wounded.
Edmund zaps a wand.
The bolt of acid hits you!
You are splashed with acid!
The acid burns!
* * * LOW HITPOINT WARNING * * *
It is a wand of acid (8).
A red film seems to cover your vision as you go berserk!
You feel yourself moving faster!
You feel mighty!
You are feeling very hungry.
The jackal barks!
You hear a shout!
Edmund hits you but does no damage. Space warps horribly around you!
You die...

... ###. ... . ###...
..# .. #.... ...# ...
.#.##... .... #.....
..... #...#
.....S##..### #
.....w@@..(.#.#
......#..##<..#
......w..#..##.....
......#.##.........
#.........#h##.#.######
##........ ..#..#>.#
##...............##.#
#...........h..... ..
#.......... ≈≈.≈≈ ...


You could see Edmund, an adder, 2 dart slugs and 2 jackals.

Vanquished Creatures
  Menkaure (D:4)
  An orc warrior (D:6)
  Blork the orc (D:5)
  A howler monkey (D:4)
  2 crimson imps (D:5)
  2 hounds (D:4)
  2 jellies
  An orc priest (D:3)
  A centaur skeleton (D:4)
  Crazy Yiuf (D:4)
  Natasha (twice) (D:2)
  5 worker ants
  A howler monkey zombie (D:5)
  6 adders
  An adder skeleton (D:4)
  3 worms
  5 dart slugs (D:5)
  6 leopard geckos
  18 orcs
  5 giant cockroaches
  9 hobgoblins
  11 jackals
  3 quokkas
  A ball python (D:2)
  8 bats
  4 frilled lizards
  7 goblins
  4 kobolds
  5 rats
117 creatures vanquished.

Notes
Turn   | Place    | Note
-------+----------+-------------------------------------------
     0 | D:1      | Fang the Gargoyle Berserker began the quest for the Orb.
     0 | D:1      | Reached XP level 1. HP: 14/14 MP: 1/1
   134 | D:1      | Reached XP level 2. HP: 12/19 MP: 2/2
   337 | D:1      | Reached skill level 3 in Axes
   918 | D:2      | Reached XP level 3. HP: 22/24 MP: 3/3
   921 | D:2      | Noticed Natasha
   932 | D:2      | Killed Natasha
  1154 | D:2      | Found a snail-covered altar of Cheibriados.
  1217 | D:2      | Noticed Natasha
  1234 | D:2      | Killed Natasha
  1234 | D:2      | Reached ** piety under Trog
  1234 | D:2      | Reached XP level 4. HP: 23/29 MP: 4/4
  1624 | D:2      | Found a sacrificial altar of Ru.
  1778 | D:2      | Found a burning altar of Makhleb.
  2062 | D:3      | Reached skill level 1 in Stealth
  2211 | D:3      | Reached XP level 5. HP: 28/34 MP: 5/5
  2599 | D:3      | You fall through a shaft for 3 floors!
  2609 | D:6      | Found a staircase to the Ecumenical Temple.
  2611 | D:6      | Noticed an orc warrior
  2625 | D:6      | Reached skill level 4 in Axes
  2629 | D:6      | Killed an orc warrior
  2629 | D:6      | Reached XP level 6. HP: 19/39 MP: 6/6
  2925 | D:6      | Noticed Edmund
  2933 | D:5      | Entered Level 5 of the Dungeon
  2934 | D:5      | Found a shattered altar of Ashenzari.
  2970 | D:5      | Noticed Blork the orc
  2985 | D:5      | Killed Blork the orc
  3229 | D:5      | Found an iron altar of Okawaru.
  3263 | D:5      | Reached skill level 5 in Fighting
  3301 | D:5      | Reached *** piety under Trog
  3301 | D:5      | Reached XP level 7. HP: 26/44 MP: 7/7
  3316 | D:5      | Reached skill level 5 in Axes
  3656 | D:3      | Found a blossoming altar of Fedhas.
  3659 | D:3      | Found an opulent altar of Gozag.
  3665 | D:3      | Found a bloodstained altar of Trog.
  3881 | D:3      | Found a basalt altar of Yredelemnul.
  4151 | D:4      | Found a transporter.
  4151 | D:4      | Found a white marble altar of Elyvilon.
  4170 | D:4      | Found a transporter.
  4392 | D:4      | Found a runed door.
  4988 | D:4      | Noticed Menkaure
  4996 | D:4      | Killed Menkaure
  4996 | D:4      | Reached skill level 6 in Axes
  4996 | D:4      | Reached XP level 8. HP: 49/50 MP: 8/8
  5145 | D:4      | Noticed Crazy Yiuf
  5149 | D:4      | Killed Crazy Yiuf
  5191 | D:5      | Noticed Dowan
  5210 | D:5      | Mangled by Edmund

Skill      XL: |  1  2  3  4  5  6  7 |
---------------+----------------------+-----
Axes           | 3 4 6 |  6.2
Fighting       | 4 5 |  5.6
Dodging        | 2 3 |  3.8
Stealth        | 1 2 3 |  3.1
Armour         | |  2.4

Action                   |  1- 3 |  4- 6 |  7- 9 || total
-------------------------+-------+-------+-------++-------
Melee: Hand axe          |    70 |   132 |   158 ||   360
Invok: Berserk           |     3 |     3 |     3 ||     9
  Use: Scroll            |       |     1 |    13 ||    14
 Stab: Sleeping          |       |     3 |     2 ||     5
  Eat: Ration            |     1 |       |       ||     1
       Chunk             |       |     9 |     8 ||    17
Armor: Animal skin       |    22 |    39 |    50 ||   111
Dodge: Dodged            |    48 |    76 |   112 ||   236
